 Dungeon Crawl Stone Soup version 0.32-a0-876-gcfddb08e57 (webtiles) character file.

Game seed: 10345325437487687415

991 pokeman the Thaumaturge (level 7, 0/39 HPs)
             Began as a Deep Elf Hedge Wizard on Mar 31, 2024.
             Was a Follower of Vehumet.
             Slain by an orc
             ... wielding a +0 flail
              (6 damage)
             ... on level 6 of the Dungeon.
             The game lasted 00:07:44 (3951 turns).

pokeman the Thaumaturge (Deep Elf Hedge Wizard)     Turns: 3951, Time: 00:07:44

Health: 0/39       AC:  4    Str:  7    XL:     7   Next: 98%
Magic:  1/20       EV: 12    Int: 21    God:    Vehumet [*.....]
Gold:   164        SH:  5    Dex: 14    Spells: 9/22 levels left

rFire   . . .        a - +0 dagger
rCold   . . .        (no shield)
rNeg    + . .        b - +0 robe
rPois   .            l - +0 helmet
rElec   .            (no cloak)
rCorr   .            A - +0 pair of gloves
SInv    .            (no boots)
Will    .....        j - amulet of reflection
Stlth   ++           o - +4 ring of slaying
HPRegen 0.26/turn    t - ring of positive energy
MPRegen 0.17/turn

%: reflection
@: very slightly contaminated
A: no striking features
a: Renounce Religion


You were on level 6 of the Dungeon.
You worshipped Vehumet.
Vehumet was aware of your devotion.
You visited 2 branches of the dungeon, and saw 6 of its levels.

You collected 164 gold pieces.

Inventory:

Hand Weapons
 a - a +0 dagger (weapon)
Armour
 b - a +0 robe (worn)
 l - a +0 helmet (worn)
 A - a +0 pair of gloves (worn)
Jewellery
 j - an amulet of reflection (around neck)
 o - a +4 ring of slaying (left hand)
 t - a ring of positive energy (right hand)
 B - an amulet of the acrobat
Wands
 v - a wand of polymorph (11)
Scrolls
 f - 7 scrolls of identify {unknown}
 g - a scroll of blinking {unknown}
 h - a scroll of acquirement {unknown}
 i - 2 scrolls of immolation {unknown}
 m - 3 scrolls of brand weapon {unknown}
 p - a scroll of enchant armour {unknown}
 s - a scroll of poison {unknown}
 u - a scroll of revelation {unknown}
 y - a scroll of fog {unknown}
 z - a scroll of enchant weapon {unknown}
Potions
 c - 2 potions of enlightenment {unknown}
 d - a potion of magic
 e - 2 potions of curing {unknown}
 k - a potion of invisibility {unknown}
 n - a potion of berserk rage {unknown}
 q - a potion of brilliance {unknown}
 r - a potion of mutation {unknown}
 w - a potion of lignification {unknown}
 x - a potion of haste {unknown}


   Skills:
 - Level 1.6 Fighting
 - Level 1.7 Armour
 - Level 3.0 Dodging
 - Level 3.1 Stealth
 * Level 8.2 Spellcasting
 + Level 4.1 Conjurations
 - Level 1.0 Hexes
 - Level 1.1 Summonings
 - Level 1.1 Translocations
 + Level 4.1 Ice Magic
 - Level 1.0 Air Magic
 - Level 1.0 Earth Magic
 - Level 1.0 Alchemy
 + Level 1.6 Evocations


You had 9 spell levels left.
You knew the following spells:

 Your Spells              Type           Power      Damage    Failure   Level
a - Magic Dart            Conj           100%       1d8       1%          1
b - Mephitic Cloud        Conj/Alch/Air  17%        N/A       10%         3
c - Call Imp              Summ           26%        N/A       8%          2
d - Blink                 Tloc           26%        N/A       8%          2
e - Stone Arrow           Conj/Erth      38%        3d9       9%          3
f - Ensorcelled Hibernat  Hex/Ice        38%        N/A       4%          2

Your spell library contained the following spells:

 Spells                   Type           Power      Damage    Failure   Level
 Kiss of Death            Conj/Necr      68%        2d10      3%          1
 Sting                    Conj/Alch      76%        1d7       2%          1
 Sandblast                Erth           24%        2d8       4%          1
 Slow                     Hex            52%        N/A       4%          1
 Mercury Vapours          Alch/Air       26%        N/A       8%          2
 Cigotuvi's Dreadful Rot  Necr/Alch/Air  22%        N/A       9%          2
 Passwall                 Erth           12%        N/A       16%         3
 Swiftness                Air            13%        N/A       16%         3
 Brom's Barrelling Bould  Conj/Erth      19%        2d4       26%         4
 Olgreb's Toxic Radiance  Alch           13%        N/A       45%         4


Dungeon Overview and Level Annotations

Branches:
Dungeon (4/15)             Temple (1/1) D:4

Altars:
Ashenzari
Cheibriados
Elyvilon
Fedhas
Gozag
Hepliaklqana
Kikubaaqudgha
Makhleb
Okawaru
Qazlal
Sif Muna
Trog
Uskayaw
Vehumet
Wu Jian
Xom
Yredelemnul


Message History

The stone arrow hits the orc warrior!
You kill the orc warrior!
Vehumet accepts your kill.
Your Spellcasting skill increases to level 8!
Your Conjurations skill increases to level 4!
Your Ice Magic skill increases to level 4!
Unknown command.
An orc comes into view. It is wielding a +3 short sword.
Things that are here:
a +0 long sword; a +0 chain mail The orc closely misses you.
Things that are here:
a +0 hand axe; a +0 leather armour You hit the orc.
The orc is severely wounded.
The orc hits you with a +0 flail.
* * * LOW HITPOINT WARNING * * *
Casting: Stone Arrow (dangerous; 9% risk of failure)
Confirm with . or Enter, or press ? or * to list all spells.
You don't have enough magic to cast this spell.
Unknown command.
Unknown command.
Things that are here:
a +0 long sword; a +0 chain mail
Casting: Stone Arrow (dangerous; 9% risk of failure)
Confirm with . or Enter, or press ? or * to list all spells.
You miscast Call Imp.
You are very lightly contaminated with residual magic.
Nothing appears to happen.
Unknown command.
Okay, then.
Unknown command.
The orc attacks as it pursues you! You block the orc's attack.
Items here: )) [[ ††.
Items here: )) [ †.
The orc attacks as it pursues you! You block the orc's attack.
The orc attacks as it pursues you! The orc hits you with a +0 flail.
* * * LOW HITPOINT WARNING * * *
The orc attacks as it pursues you! The orc hits you with a +0 flail.
You die...

#######
.......###
#.@.##
###o.##
##..#########
##o........#
##))......#
#........#
#........#
#).......#
#).[.....#


You could see 2 orcs.

Vanquished Creatures
  Grinder (D:4)
  Sigmund (D:2)
  An orc warrior (D:6)
  A black bear (D:3)
  A centaur (D:4)
  A scorpion (D:4)
  A jelly (D:6)
  An orc priest (D:6)
  A sleepcap (D:4)
  An iguana (D:6)
  3 orc wizards
  Robin (D:2)
  3 adders
  2 dart slugs (D:1)
  7 orcs
  4 endoplasms
  14 goblins
  9 hobgoblins
  3 jackals (D:2)
  A kobold (D:4)
  4 quokkas
  3 ball pythons
  4 bats
  4 frilled lizards
  7 rats
79 creatures vanquished.

Vanquished Creatures (collateral kills)
  An adder (D:4)
  An endoplasm (D:4)
  A goblin (D:2)
  A hobgoblin (D:2)
4 creatures vanquished.

Grand Total: 83 creatures vanquished

Notes
Turn   | Place    | Note
-------+----------+-------------------------------------------
     0 | D:1      | pokeman the Deep Elf Hedge Wizard began the quest for the
                  | Orb.
     0 | D:1      | Reached XP level 1. HP: 10/10 MP: 7/7
   281 | D:1      | Reached XP level 2. HP: 15/15 MP: 7/9
   671 | D:1      | Reached skill level 5 in Spellcasting
   978 | D:2      | Noticed Sigmund
  1102 | D:2      | Reached XP level 3. HP: 4/20 MP: 0/11
  1294 | D:2      | Learned a level 3 spell: Mephitic Cloud
  1300 | D:2      | Killed Sigmund
  1301 | D:2      | Reached skill level 1 in Fighting
  1301 | D:2      | Reached skill level 1 in Armour
  1301 | D:2      | Reached skill level 6 in Spellcasting
  1301 | D:2      | Reached XP level 4. HP: 13/26 MP: 9/14
  1301 | D:2      | Reached XP level 5. HP: 15/30 MP: 9/15
  1314 | D:2      | Learned a level 2 spell: Call Imp
  1317 | D:2      | Learned a level 2 spell: Blink
  1321 | D:2      | Learned a level 3 spell: Stone Arrow
  1410 | D:2      | Found a faded altar of an unknown god.
  1430 | D:2      | Noticed Robin
  1776 | D:2      | Killed Robin
  2860 | D:4      | Noticed a black bear
  2860 | D:4      | Found a staircase to the Ecumenical Temple.
  2864 | D:4      | Reached XP level 6. HP: 35/35 MP: 7/17
  2959 | D:3      | Reached skill level 7 in Spellcasting
  2969 | Temple   | Entered the Ecumenical Temple
  2975 | Temple   | Became a worshipper of Vehumet
  3177 | D:4      | Found an ancient bone altar of Kikubaaqudgha.
  3201 | D:4      | Reached skill level 1 in Air Magic
  3201 | D:4      | Reached skill level 1 in Earth Magic
  3201 | D:4      | Reached skill level 1 in Alchemy
  3204 | D:4      | Learned a level 2 spell: Ensorcelled Hibernation
  3389 | D:4      | Noticed Grinder
  3396 | D:4      | Killed Grinder
  3397 | D:4      | Reached XP level 7. HP: 39/39 MP: 4/19
  3767 | D:4      | You fall into a shaft and drop 2 floors!
  3793 | D:6      | Reached skill level 1 in Hexes
  3873 | D:6      | Reached skill level 1 in Evocations
  3886 | D:6      | Reached * piety under Vehumet
  3886 | D:6      | Offered knowledge of Kiss of Death by Vehumet.
  3940 | D:6      | Reached skill level 8 in Spellcasting
  3951 | D:6      | Slain by an orc

Illustrated notes

Levels and vault maps discovered:
D:1:      orjb1_lava_funnel, layout_loops_ring, serial_bayou_lake_a
D:2:      layout_basic, hellmonk_ecumenical_altar_prayer_group, uniq_robin,
          uniq_sigmund
D:3:      layout_loops_ring, serial_glass, glass_columns_b, glass_columns_c
D:4:      layout_loops_ring, nicolae_kikubaaqudgha_miasma_corner,
          minmay_temple_entry_butterflies, nicolae_nh_ransacked_shop,
          uniq_grinder
D:6:      layout_basic, mainiacjoe_overflow_six_doors_small
Temple:   eino_temple_rhombus

Skill      XL: |  1  2  3  4  5  6  7 |
---------------+----------------------+-----
Spellcasting   | 5 6 7 8 |  8.2
Fighting       | 1 |  1.6
Armour         | 1 |  1.7
Conjurations   | 2 3 4 |  4.1
Dodging        | 3 |  3.0
Stealth        | 3 |  3.1
Air Magic      | 1 |  1.0
Earth Magic    | 1 |  1.0
Alchemy        | 1 |  1.0
Ice Magic      | 3 4 |  4.1
Hexes          | 1 |  1.0
Evocations     | 1 |  1.6
Summonings     | |  1.1
Translocations | |  1.1

Action                     |  1- 3 |  4- 6 |  7- 9 || total
---------------------------+-------+-------+-------++-------
  Melee: Dagger            |    10 |    13 |    26 ||    49
   Cast: Magic Dart        |    62 |    68 |     9 ||   139
         Mephitic Cloud    |     1 |     2 |     2 ||     5
         Stone Arrow       |       |    18 |    15 ||    33
         Call Imp          |       |     1 |     1 ||     2
         Blink             |       |     1 |       ||     1
   Stab: Confused          |     2 |     1 |     3 ||     6
 Armour: Robe              |    17 |    26 |    15 ||    58
  Dodge: Dodged            |    21 |    18 |     8 ||    47
  Block: Other             |       |     7 |     8 ||    15

Table legend: (Time is in decaauts)
 A = Elapsed time spent in this place.
 B = Non-inter-level travel time spent in this place.
 C = Inter-level travel time spent in this place.
 D = Time resting spent in this place.
 E = Time spent auto-exploring this place.
 F = Levels seen in this place.
 G = Mean time per level.
                   A        B        C        D        E       F      G
               +--------+--------+--------+--------+--------+-----+--------+
         Total |   3989 |   3852 |    137 |    129 |   3187 |   6 |  664.8 |
       Dungeon |   3976 |   3844 |    132 |    129 |   3187 |   5 |  795.2 |
        Temple |     12 |      7 |      5 |      0 |      0 |   1 |   12.0 |
               +--------+--------+--------+--------+--------+-----+--------+

Top non-repeatable levels by time:
     D:1: 1108 daAuts
     D:2: 1031 daAuts
     D:3: 853 daAuts
     D:4: 799 daAuts
     D:6: 183 daAuts
  Temple: 12 daAuts
